 Dungeon Crawl Stone Soup version 0.28.0-1-gb440e238dd (webtiles) character file.

Game seed: 3891685020098586488

11 Crownlay the Chiller (level 2, -1/20 HPs)
             Began as a Gnoll Ice Elementalist on Feb 19, 2022.
             Slain by a hobgoblin (4 damage)
             ... on level 1 of the Dungeon.
             The game lasted 00:00:57 (174 turns).

Crownlay the Chiller (Gnoll Ice Elementalist)        Turns: 174, Time: 00:00:57

Health: -1/20      AC:  2    Str:  7    XL:     2   Next: 29%
Magic:  2/7        EV: 13    Int: 14    God:
Gold:   0          SH:  0    Dex: 12    Spells: 9/10 levels left

rFire   . . .      SeeInvis .   b - +0 mace
rCold   . . .      Faith    .   (no shield)
rNeg    . . .      Spirit   .   a - +0 robe
rPois   .          Reflect  .   (no helmet)
rElec   .          Harm     .   (no cloak)
rCorr   .          Rampage  .   (no gloves)
Will    .....                   (no boots)
Stlth   ++........              (no amulet)
HPRegen 0.06/turn               (no ring)
MPRegen 0.10/turn               (no ring)

@: no status effects
A: fangs 1, strong nose, distributed training
a: no special abilities


You were on level 1 of the Dungeon.
You visited 1 branch of the dungeon, and saw 1 of its levels.

Inventory:

Hand Weapons
 b - a +0 mace (weapon)
Armour
 a - a +0 robe (worn)


   Skills:
 + Level 0.3 Fighting
 + Level 0.3 Short Blades
 + Level 0.3 Long Blades
 + Level 0.3 Axes
 + Level 0.3 Maces & Flails
 + Level 0.3 Polearms
 + Level 0.3 Staves
 + Level 0.3 Slings
 + Level 0.3 Bows
 + Level 0.3 Crossbows
 + Level 0.3 Throwing
 + Level 0.3 Armour
 + Level 4.4 Dodging
 + Level 4.0 Stealth
 + Level 0.3 Shields
 + Level 0.3 Unarmed Combat
 + Level 4.9 Spellcasting
 + Level 0.2 Conjurations
 + Level 0.2 Hexes
 + Level 0.2 Summonings
 + Level 0.2 Necromancy
 + Level 0.2 Translocations
 + Level 0.2 Transmutations
 + Level 0.2 Fire Magic
 + Level 7.0 Ice Magic
 + Level 0.2 Air Magic
 + Level 0.2 Earth Magic
 + Level 0.2 Poison Magic
 + Level 0.4 Invocations
 + Level 0.3 Evocations


You had 9 spell levels left.
You knew the following spells:

 Your Spells              Type           Power      Damage    Failure   Level
a - Freeze                Ice            92%        1d10      1%          1

Your spell library contained the following spells:

 Spells                   Type           Power      Damage    Failure   Level
 Frozen Ramparts          Ice            46%        1d6       3%          3
 Ozocubu's Armour         Ice            23%        N/A       3%          3
 Hailstorm                Conj/Ice       13%        3d5       36%         4


Dungeon Overview and Level Annotations

Branches:
Dungeon (1/15)

Altars:


Innate Abilities, Weirdness & Mutations

You have very sharp teeth.
Your uncanny sense of smell can sniff out nearby items.
Your experience applies equally to all skills.


Message History

* * * LOW HITPOINT WARNING * * *
b - a +0 mace (weapon)
You hit the goblin but do no damage. The goblin closely misses you.
The goblin misses you.
Casting: Freeze (safe; 1% risk of failure)
Confirm with . or Enter, or press ? or * to list all spells.
Aiming: Freeze (safe; 1% risk of failure)
Press: ? - help, Shift-Dir - straight line, f/p - goblin
Aim: a goblin, wielding a +0 dagger
Okay, then.
You hit the goblin. Your bite misses the goblin.
The goblin is severely wounded.
The goblin barely misses you.
You hit the goblin but do no damage.
The goblin is severely wounded.
The goblin closely misses you. x2
You closely miss the goblin.
The goblin is severely wounded.
The goblin barely misses you.
You closely miss the goblin.
The goblin is severely wounded.
The goblin hits you with a +0 dagger.
* * * LOW HITPOINT WARNING * * *
You hit the goblin.
You kill the goblin!
The hobgoblin barely misses you.
You hit the hobgoblin but do no damage. The hobgoblin hits you.
* * * LOW HITPOINT WARNING * * *
Casting: Freeze (safe; 1% risk of failure)
Confirm with . or Enter, or press ? or * to list all spells.
Aiming: Freeze (safe; 1% risk of failure)
Press: ? - help, Shift-Dir - straight line, f - hobgoblin
Aim: a hobgoblin You freeze the hobgoblin.
The hobgoblin is almost dead.
The hobgoblin barely misses you.
You closely miss the hobgoblin.
The hobgoblin is almost dead.
The hobgoblin misses you. The hobgoblin hits you.
You die...

##### ###### #...#
###....# #...# ######
#......###...######.....
##.......................
........###......[...###.
##.#....# #...########...
.#..#.###...# #...
.....#.@gK...# #######
.....######...####≈≈≈≈§≈§
..>..............#≈≈≈≈≈..
.###.#.#g.#......#§≈....≈
#......##.....#≈...≈≈≈
###.##.#..........≈≈≈.
#.#....####.#≈§..≈≈≈
#.#†##.# .#§§§§§.≈
#.#....# #§§≈§§§.


You could see a hobgoblin and a kobold.

Vanquished Creatures
  2 endoplasms (D:1)
  A goblin (D:1)
  3 hobgoblins (D:1)
  A kobold (D:1)
  A quokka (D:1)
  A rat (D:1)
9 creatures vanquished.

Notes
Turn   | Place    | Note
-------+----------+-------------------------------------------
     0 | D:1      | Crownlay the Gnoll Ice Elementalist began the quest for the
                  | Orb.
     0 | D:1      | Reached XP level 1. HP: 13/13 MP: 6/6
   108 | D:1      | Reached XP level 2. HP: 19/19 MP: 2/7
   174 | D:1      | Slain by a hobgoblin

Illustrated notes

Levels and vault maps discovered:
D:1:      dpeg_arrival_shrine, layout_basic, basic_ecumenical_altar,
          minmay_octomino_e4

Action                   || total
-------------------------++-------
Melee: Unarmed           ||     3
       Mace              ||     8
 Cast: Freeze            ||    15
Armor: Robe              ||     2
Dodge: Dodged            ||    21
